 Dungeon Crawl Stone Soup version 0.29.1-15-g9cfb28693d (webtiles) character file.

Game seed: 13707964784923118336

498 DemonSlayer the Digger (level 6, -7/42 HPs)
             Began as a Demonspawn Earth Elementalist on Apr 18, 2023.
             Mangled by a gnoll bouda
             ... wielding a +0 whip
              (8 damage)
             ... on level 5 of the Dungeon.
             The game lasted 00:10:59 (5784 turns).

DemonSlayer the Digger (DsEE)                       Turns: 5784, Time: 00:10:59

Health: -7/42      AC:  3    Str:  9    XL:     6   Next: 94%
Magic:  12/12      EV: 12    Int: 16    God:
Gold:   168        SH:  5    Dex: 15    Spells: 3/13 levels left

rFire   . . .      SeeInvis .   n - +0 dagger (speed)
rCold   . . .      Faith    .   (no shield)
rNeg    . . .      Spirit   .   a - +0 robe
rPois   .          Reflect  +   (no helmet)
rElec   .          Harm     .   i - +0 cloak
rCorr   .          Rampage  .   (no gloves)
Will    .....                   (no boots)
Stlth   ++........              p - amulet of reflection
HPRegen 0.14/turn               (no ring)
MPRegen 0.26/turn               (no ring)

@: weakened, hasted, very quick
A: magic regeneration, demonic touch 1
a: no special abilities


You were on level 5 of the Dungeon.
You visited 1 branch of the dungeon, and saw 5 of its levels.
You also visited: Sewer.

You collected 168 gold pieces.

Inventory:

Hand Weapons
 n - a +0 dagger of speed (weapon)
Armour
 a - a +0 robe (worn)
 i - a +0 cloak (worn)
Jewellery
 p - an amulet of reflection (around neck)
Scrolls
 b - 2 scrolls of butterflies {unknown}
 d - a scroll of torment {unknown}
 f - a scroll of silence
 g - 2 scrolls of poison {unknown}
 j - a scroll of enchant armour {unknown}
 k - 2 scrolls of blinking
 m - 2 scrolls of fear {unknown}
 o - a scroll of vulnerability {unknown}
Potions
 c - a potion of lignification {unknown}
 e - 2 potions of flight
 h - a potion of ambrosia {unknown}
 r - 3 potions of might {unknown}
 s - a potion of curing {unknown}
 t - a potion of invisibility {unknown}
 u - a potion of magic


   Skills:
 + Level 0.7 Fighting
 + Level 0.4 Short Blades
 + Level 0.3 Throwing
 + Level 2.0 Dodging
 + Level 2.9 Stealth
 + Level 0.3 Shields
 + Level 4.3 Spellcasting
 + Level 0.7 Conjurations
 + Level 0.8 Transmutations
 + Level 5.1 Earth Magic


You had 3 spell levels left.
You knew the following spells:

 Your Spells              Type           Power      Damage    Failure   Level
a - Sandblast             Erth           38%        2d10      1%          1
b - Stone Arrow           Conj/Erth      24%        3d8       14%         3
c - Passwall              Tmut/Erth      10%        N/A       8%          2
d - Petrify               Tmut/Erth      13%        N/A       43%         4

Your spell library contained the following spells:

 Spells                   Type           Power      Damage    Failure   Level
 Freeze                   Ice            12%        1d4       17%         1
 Frozen Ramparts          Ice            6%         1d1       45%         3
 Hailstorm                Conj/Ice       4%         3d4       80%         4


Dungeon Overview and Level Annotations

Branches:
Dungeon (5/15)              Sewer (visited)
 Temple: D:4-7

Altars:

Shops:
D:2 [*[   D:3 ?

Annotations:
D:4 Dowan, Duvessa


Innate Abilities, Weirdness & Mutations

You regenerate magic rapidly.
Your touch may inflict minor irresistible damage on your foes.


Message History

You feel much better.
The gnoll zaps a wand.
You resist with some effort.
The gnoll bouda gazes fiercely through you!
You feel your attacks grow feeble. The gnoll bouda misses you.
The gnoll barely misses you.
You barely miss the gnoll. The gnoll barely misses you.
The gnoll bouda barely misses you. The gnoll hits you with a +0 club.
The gnoll barely misses you.
You are too confused!
Okay, then.
You miss the gnoll.
You touch the gnoll!
The gnoll is severely wounded.
The gnoll bouda hits you with a +0 whip.
The gnoll hits you with a +0 club. The gnoll hits you with a +0 halberd!
You feel much better.
The gnoll is no longer moving quickly.
The gnoll bouda hits you with a +0 whip!
The gnoll hits you with a +0 club. The gnoll barely misses you.
You're too confused to move!
The gnoll bouda calls upon its god to heal the gnoll.
The gnoll is healed somewhat.
The gnoll hits you with a +0 club. The gnoll barely misses you.
The gnoll attacks as you move away! The gnoll barely misses you.
The gnoll hits you from afar with a +0 halberd.
You completely miss the gnoll bouda.
The gnoll bouda gazes fiercely through you!
You feel as though you will be weak longer.
The gnoll bouda hits you with a +0 whip.
The gnoll hits you with a +0 club.
* * * LOW HITPOINT WARNING * * *
You closely miss the gnoll bouda. Your touch misses the gnoll bouda.
The gnoll hits you from afar with a +0 halberd.
* * * LOW HITPOINT WARNING * * *
It was a potion of haste.
You feel yourself speed up.
The gnoll bouda barks out a call to the hunt!
The gnolls pick up the pace!
The gnoll closely misses you. The gnoll hits you with a +0 club.
* * * LOW HITPOINT WARNING * * *
Okay, then.
You feel less confused.
The gnoll bouda hits you with a +0 whip!
You die...

...... ##.##..)..##
......###...#..)...# .>
....g..<#..####...###.#
...........###....##..#
.........####..)#....#
##.....#####........##
#.......###..g.<...^###
...............g......#.
.........##)..g.@.......
..................##...#
.#.......)......### #.##
###............## ..#
#................ .#
#..###............ ##.
##............
##...........
...........


You could see a gnoll bouda and 2 gnolls.

Vanquished Creatures
  2 ogres (D:5)
  2 scorpions
  A hound (D:4)
  4 adders
  3 gnolls (D:5)
  A river rat (Sewer)
  An ufetubus (D:4)
  4 worms
  2 dart slugs (D:1)
  8 ball pythons
  8 endoplasms
  4 giant cockroaches
  10 goblins
  3 hobgoblins
  11 kobolds
  2 quokkas
  12 bats
  2 frilled lizards
  22 rats
102 creatures vanquished.

Notes
Turn   | Place    | Note
-------+----------+-------------------------------------------
     0 | D:1      | DemonSlayer the Demonspawn Earth Elementalist began the
                  | quest for the Orb.
     0 | D:1      | Reached XP level 1. HP: 13/13 MP: 3/3
    54 | D:1      | Reached skill level 3 in Earth Magic
   186 | D:1      | Gained mutation: Your touch may inflict minor irresistible
                  | damage on your foes. [demonic ancestry]
   186 | D:1      | Reached XP level 2. HP: 18/19 MP: 1/5
   565 | D:1      | Found a faded altar of an unknown god.
   749 | D:1      | Reached XP level 3. HP: 24/24 MP: 1/6
  1407 | D:2      | Found Xoipogh's Armour Emporium.
  1891 | D:2      | Reached XP level 4. HP: 31/31 MP: 3/8
  2051 | D:2      | Found Acocliv's Antique Armour Shop.
  2060 | D:2      | Found Neiqem's General Store.
  2203 | D:2      | Learned a level 3 spell: Stone Arrow
  2206 | D:2      | Learned a level 2 spell: Passwall
  2505 | D:3      | Found a glowing drain.
  2532 | Sewer    | Entered a sewer
  3268 | Sewer    | Reached skill level 4 in Earth Magic
  3440 | D:3      | Reached XP level 5. HP: 36/36 MP: 3/9
  3713 | D:3      | Found Rytahuri's Magic Scroll Boutique.
  4046 | D:3      | Learned a level 4 spell: Petrify
  4128 | D:4      | Noticed Duvessa
  4170 | D:5      | Entered Level 5 of the Dungeon
  4897 | D:4      | Noticed Dowan
  4957 | D:5      | Noticed an ogre
  4966 | D:5      | Killed an ogre
  4967 | D:5      | Gained mutation: You regenerate magic rapidly. [demonic
                  | ancestry]
  4967 | D:5      | Reached XP level 6. HP: 42/42 MP: 2/11
  5629 | D:5      | Reached skill level 5 in Earth Magic
  5783 | D:5      | HP: 1/42 [gnoll/+0 club[a gnoll bouda] (3)]
  5784 | D:5      | Mangled by a gnoll bouda

Illustrated notes

Levels and vault maps discovered:
D:1:      dpeg_arrival_rooms_b, layout_basic,
          hellmonk_ecumenical_altar_prayer_group, grunt_decor_fettered,
          grunt_decor_one_mirror
D:2:      layout_basic, serial_shops, nicolae_shop_hallway_plus, shop, shop,
          minmay_rat_hole
D:3:      layout_loops_ring, serial_shops, shop, cheibrodos_sewer_entry_bend
D:4:      minmay_clustersquares, layout_loops_cross, uniq_duvessa
D:5:      layout_cave_pools, overflow_temple_1_default

Skill      XL: |  1  2  3  4  5  6 |
---------------+-------------------+-----
Earth Magic    | 3 4 5 |  5.1
Dodging        | 2 |  2.0
Stealth        | 2 |  2.9
Spellcasting   | 3 4 |  4.3
Fighting       | |  0.7
Short Blades   | |  0.4
Throwing       | |  0.3
Shields        | |  0.3
Conjurations   | |  0.7
Transmutations | |  0.8

Action                   |  1- 3 |  4- 6 || total
-------------------------+-------+-------++-------
Melee: Dagger            |    32 |    14 ||    46
       Unarmed           |     1 |       ||     1
       Punch             |     1 |       ||     1
       Touch             |     4 |     1 ||     5
Throw: Throwing net      |       |     2 ||     2
 Cast: Sandblast         |    64 |    82 ||   146
       Stone Arrow       |       |     3 ||     3
  Use: Scroll            |     2 |     2 ||     4
       Potion            |     1 |     4 ||     5
 Stab: Sleeping          |     4 |     4 ||     8
Armor: Robe              |    13 |     8 ||    21
Dodge: Dodged            |    44 |    48 ||    92
Block: Other             |       |    11 ||    11
